 Dungeon Crawl Stone Soup version 0.20.0-15-g7f486f2 (webtiles) character file.

926 NoAnimeNoLife the Basher (level 8, -7/46 HPs)
             Began as a Gargoyle Fighter on June 18, 2017.
             Killed by divine providence
             ... invoked by an orc priest
              (15 damage)
             ... on level 3 of the Dungeon.
             The game lasted 00:05:04 (2560 turns).

NoAnimeNoLife the Basher (Gargoyle Fighter)         Turns: 2560, Time: 00:05:04

Health: -7/46      AC: 12    Str: 20    XL:     8   Next: 10%
Magic:  8/8        EV:  7    Int:  9    God:
Gold:   175        SH:  9    Dex: 11    Spells: 7/7 levels left

rFire    . . .     SeeInvis .   a - +1 flail
rCold    . . .     Gourm    .   c - +0 shield
rNeg     + . .     Faith    .   b - +0 scale mail
rPois    ∞         Spirit   .   (no helmet)
rElec    +         Reflect  .   (no cloak)
rCorr    .         Harm     .   (no gloves)
MR       .....     Clarity  +   (no boots)
Stlth    ..........             (no amulet)
Regen    0.2/turn               (no ring)
MPRegen  0.2/turn               (no ring)

@: no status effects
A: clarity, negative energy resistance 1, screaming 1, electricity resistance,
unbreathing, petrification resistance, rot immunity, AC +5
a: no special abilities


You were on level 3 of the Dungeon.
You were hungry.

You visited 1 branch of the dungeon, and saw 3 of its levels.
You also visited: Sewer.

You collected 175 gold pieces.

Inventory:

Hand Weapons
 a - a +1 flail (weapon)
Missiles
 k - 3 throwing nets (quivered)
Armour
 b - a +0 scale mail (worn)
 c - a +0 shield (worn)
Jewellery
 i - an uncursed ring of poison resistance
 m - a +5 ring of strength {unknown}
Wands
 l - a wand of iceblast (2/15)
Scrolls
 h - a scroll of blinking
 n - 4 scrolls of identify
 p - a scroll of remove curse
Potions
 d - a potion of might
 e - a potion of agility
Comestibles
 f - 5 bread rations
 j - a royal jelly
 o - a fruit
 q - 2 meat rations


   Skills:
 - Level 3.2 Fighting
 + Level 9.2 Maces & Flails
 - Level 3.2 Armour
 - Level 3.2 Shields


You had 7 spell levels left.
You didn't know any spells.

Dungeon Overview and Level Annotations

Branches:
Dungeon (3/15)

Altars:


Innate Abilities, Weirdness & Mutations

You are resistant to torment.
Your stone body is resilient. (AC +5)
You are immune to poison.
You resist negative energy. (rN+)
You are resistant to electric shocks. (rElec)
You can survive without breathing.
You are immune to petrification.
You are immune to rotting.
You possess an exceptional clarity of mind.
You occasionally shout uncontrollably at your foes.


Message History

You thump the orc!
You kill the orc!
You block the orc's attack. You block the orc's attack.
The orc hits you but does no damage. The orc closely misses you.
You block the orc's attack. The orc hits you but does no damage.
The orc hits you but does no damage. You block the orc's attack.
The orc hits you but does no damage. The orc hits you but does no damage.
The orc priest casts a cantrip, but nothing happens.
The orc barely misses you. The orc hits you with a war axe.
* * * LOW HITPOINT WARNING * * *
The orc hits you but does no damage.
The orc priest invokes the aid of Beogh against you.
Beogh smites you!
You die...

#.# ####.....
#.# #####. #.
##########.
#..........
#.#######.. #.#
#.. ########.#
#..
#.#####).......#
#..
....oKo@######.#
#.# .#.#.#####
#.# #.# #.#
#.#######..
########.#
#.....)...#
.......#[#
#####.#.###
######.#.#
######...###
#.#.#
......<.....
#.#.# ..#
######...###
#...#
..########...#


You could see an orc priest, an orc and a kobold.

Vanquished Creatures
  The ghost of Revguard the Shield-Bearer, a novice FoFi of Jiyva (Sewer)
  A bullfrog (Sewer)
  3 jellies (D:2)
  An orc priest (D:3)
  Jessica (D:3)
  11 adders
  A river rat (D:3)
  12 oozes
  3 worms
  2 dart slugs
  8 leopard geckos
  3 orcs (D:3)
  7 ball pythons
  5 bats
  10 giant cockroaches (Sewer)
  7 goblins
  12 hobgoblins
  10 jackals
  13 kobolds
  10 frilled lizards (Sewer)
  9 rats
130 creatures vanquished.

Vanquished Creatures (others)
  9 fungi (D:2)
  5 toadstools (D:2)
14 creatures vanquished.

Grand Total: 144 creatures vanquished

Notes
Turn   | Place    | Note
-------+----------+-------------------------------------------
     0 | D:1      | NoAnimeNoLife the Gargoyle Fighter began the quest for the Orb.
     0 | D:1      | Reached XP level 1. HP: 14/14 MP: 1/1
    53 | D:1      | Reached XP level 2. HP: 19/19 MP: 2/2
   119 | D:1      | Reached skill level 3 in Maces & Flails
   326 | D:1      | Reached XP level 3. HP: 23/23 MP: 3/3
   850 | D:2      | Reached skill level 4 in Maces & Flails
   868 | D:2      | Reached XP level 4. HP: 28/28 MP: 4/4
  1277 | D:2      | Reached skill level 5 in Maces & Flails
  1277 | D:2      | Reached XP level 5. HP: 23/32 MP: 5/5
  1299 | D:2      | Gained mutation: You occasionally shout uncontrollably at your foes. [potion of mutation]
  1299 | D:2      | Gained mutation: You possess an exceptional clarity of mind. [potion of mutation]
  1369 | D:2      | Reached skill level 6 in Maces & Flails
  1369 | D:2      | Reached XP level 6. HP: 9/37 MP: 6/6
  1662 | D:3      | Found a glowing drain.
  1690 | D:3      | Noticed Jessica
  1726 | D:3      | Killed Jessica
  1767 | Sewer    | Entered a sewer
  1767 | Sewer    | Noticed Revguard's ghost (novice FoFi)
  1786 | Sewer    | Killed Revguard's ghost
  1786 | Sewer    | Reached skill level 8 in Maces & Flails
  1786 | Sewer    | Reached XP level 7. HP: 41/41 MP: 7/7
  2144 | Sewer    | Reached skill level 9 in Maces & Flails
  2144 | Sewer    | Reached XP level 8. HP: 46/46 MP: 8/8
  2560 | D:3      | Killed from afar by an orc priest

Skill      XL: |  1  2  3  4  5  6  7 |
---------------+----------------------+-----
Maces & Flails | 3 4 5 6 8 9 |  9.2
Fighting       | |  3.2
Armour         | |  3.2
Shields        | |  3.2

Action                   |  1- 3 |  4- 6 |  7- 9 || total
-------------------------+-------+-------+-------++-------
Melee: Flail             |   115 |   203 |   202 ||   520
Throw: Throwing net      |       |     1 |       ||     1
  Use: Potion            |       |     4 |       ||     4
       Scroll            |       |     8 |     1 ||     9
  Eat: Chunk             |       |     2 |     4 ||     6
Armor: Scale mail        |    73 |    98 |    97 ||   268
       Skin              |       |    28 |     4 ||    32
Dodge: Dodged            |    45 |    57 |    67 ||   169
Block: Shield            |    61 |   107 |    98 ||   266
